 Dungeon Crawl Stone Soup version 0.28-a0-1506-g3893175d92 (webtiles) character file.

Game seed: 1384401135987654831

128 knot the Chopper (level 4, -3/35 HPs)
             Began as a Demonspawn Berserker on Jan 14, 2022.
             Was a Believer of Trog.
             Slain by a harpy zombie (6 damage)
             ... on level 1 of the Abyss.
             The game lasted 00:03:38 (3697 turns).

knot the Chopper (Demonspawn Berserker)             Turns: 3697, Time: 00:03:38

Health: -3/35      AC:  2    Str: 17    XL:     4   Next: 86%
Magic:  4/4        EV: 12    Int: 12    God:    Trog [**....]
Gold:   89         SH:  0    Dex: 13    Spells: 3/3 levels left

rFire   . . .      SeeInvis +   l - +0 war axe
rCold   . . .      Faith    .   (no shield)
rNeg    . . .      Spirit   .   b - +0 animal skin
rPois   .          Reflect  .   (helmet unavailable)
rElec   .          Harm     .   (no cloak)
rCorr   .          Rampage  .   (no gloves)
Will    +....                   (no boots)
Stlth   +.........              (no amulet)
HPRegen 0.11/turn               e - ring of willpower
MPRegen 0.09/turn               (no ring)

@: about to teleport, flying
A: antennae 3, sturdy frame 1, clever 1
a: Renounce Religion, Berserk, Trog's Hand


You were on level 1 of the Abyss.
You worshipped Trog.
Trog was pleased with you.
You visited 1 branch of the dungeon, and saw 2 of its levels.
You visited the Abyss 1 time.

You collected 89 gold pieces.

Inventory:

Hand Weapons
 g - a +0 battleaxe
 l - a +0 war axe (weapon)
Missiles
 d - 32 stones (quivered)
Armour
 b - a +0 animal skin (worn)
Jewellery
 e - a ring of willpower (left hand)
Scrolls
 a - a scroll of fear {unknown}
 f - a scroll of brand weapon {unknown}
 i - 3 scrolls of identify {unknown}


   Skills:
 - Level 3.0 Fighting
 * Level 4.8 Axes
 * Level 1.3 Throwing
 - Level 1.7 Armour
 - Level 1.7 Dodging


You had 3 spell levels left.
You didn't know any spells.
Your spell library was empty.

Dungeon Overview and Level Annotations

Branches:
Dungeon (2/15)

Altars:

Annotations:
D:2 Crazy Yiuf


Innate Abilities, Weirdness & Mutations

You have a pair of large antennae on your head. (SInv)
Your movements are slightly less encumbered by armour. (ER -2)
Your mind is acute. (Int +2)


Message History

A harpy zombie is cast out of space.
A harpy zombie is nearby!
Okay, then.
As you read the scroll labelled FAOR SUNUENGEI, it crumbles to dust.
You feel strangely unstable.
You feel the power of the Abyss delaying your translocation!
It was a scroll of teleportation.
Unknown command.
You catch the helpless harpy zombie completely off-guard!
You hit the harpy zombie.
The harpy zombie is lightly damaged.
The harpy zombie claws you. x2; The harpy zombie misses you.
The harpy zombie claws you. x2; The harpy zombie barely misses you.
Unknown command.
You hit the harpy zombie.
The harpy zombie is lightly damaged.
The harpy zombie misses you.
The harpy zombie claws you but does no damage.
The harpy zombie barely misses you. The harpy zombie claws you! x2
* * * LOW HITPOINT WARNING * * *
The harpy zombie claws you but does no damage.
It was a potion of flight.
You feel very buoyant.
You fly up into the air.
The harpy zombie claws you.
* * * LOW HITPOINT WARNING * * *
The harpy zombie barely misses you. x3
It was a potion of heal wounds.
You feel much better. The harpy zombie claws you. The harpy zombie misses you.
The harpy zombie claws you! The harpy zombie completely misses you.
You hit the harpy zombie.
The harpy zombie is lightly damaged.
The harpy zombie misses you. The harpy zombie claws you!
* * * LOW HITPOINT WARNING * * *
The harpy zombie barely misses you. The harpy zombie closely misses you. x2
The harpy zombie barely misses you.
Unknown command.
You hit the harpy zombie but do no damage.
The harpy zombie is lightly damaged.
The harpy zombie barely misses you. The harpy zombie claws you.
You die...

{ ##
{
###.#
#Z.#
.
#@#.
# ###
.. .


You could see a harpy zombie.

Vanquished Creatures
  Terence (D:2)
  4 gnolls
  A worm (D:2)
  4 dart slugs
  2 endoplasms
  A giant cockroach (D:2)
  3 goblins
  4 hobgoblins
  3 jackals (D:1)
  8 kobolds (D:1)
  4 quokkas (D:1)
  4 ball pythons
  9 bats
  2 frilled lizards
  4 rats
54 creatures vanquished.

Notes
Turn   | Place    | Note
-------+----------+-------------------------------------------
     0 | D:1      | knot the Demonspawn Berserker began the quest for the Orb.
     0 | D:1      | Reached XP level 1. HP: 18/18 MP: 1/1
    49 | D:1      | Reached skill level 3 in Axes
   309 | D:1      | Gained mutation: You have a pair of small antennae on your
                  | head. [demonic ancestry]
   309 | D:1      | Reached XP level 2. HP: 15/24 MP: 2/2
   759 | D:1      | Gained mutation: You have a pair of antennae on your head.
                  | [demonic ancestry]
   759 | D:1      | Reached XP level 3. HP: 23/29 MP: 3/3
  1204 | D:1      | Reached skill level 4 in Axes
  2071 | D:2      | Reached ** piety under Trog
  2270 | D:2      | Gained mutation: Your movements are slightly less
                  | encumbered by armour. (ER -2) [demonic ancestry]
  2270 | D:2      | Reached XP level 4. HP: 25/35 MP: 4/4
  2432 | D:2      | Noticed Terence
  2461 | D:2      | Killed Terence
  2807 | D:2      | Reached skill level 1 in Throwing
  2996 | D:2      | Found a faded altar of an unknown god.
  3294 | D:2      | Found a runed translucent door.
  3295 | D:2      | Noticed Crazy Yiuf
  3303 | D:2      | Cast into level 1 of the Abyss (Crazy Yiuf)
  3318 | Abyss:1  | Noticed a thrashing horror
  3395 | Abyss:1  | Gained mutation: You have a pair of large antennae on your
                  | head. (SInv) [potion of mutation]
  3395 | Abyss:1  | Gained mutation: Your mind is acute. (Int +2) [potion of
                  | mutation]
  3690 | Abyss:1  | Noticed a harpy zombie
  3697 | Abyss:1  | Slain by a harpy zombie

Illustrated notes

Levels and vault maps discovered:
D:1:      psy_arrival_radial01, layout_basic
D:2:      cheibrodos_helix_gallery, layout_loops_ring,
          chequers_ecumenical_altar_twisty, uniq_crazy_yiuf_cottage,
          uniq_terence
Abyss:1:  base:
D:2

Skill      XL: |  1  2  3  4 |
---------------+-------------+-----
Axes           | 3 4 |  4.8
Throwing       | 1 |  1.3
Fighting       | |  3.0
Armour         | |  1.7
Dodging        | |  1.7

Action                   |  1- 3 |  4- 6 || total
-------------------------+-------+-------++-------
Melee: Hand axe          |   150 |     8 ||   158
       War axe           |       |    29 ||    29
Throw: Stone             |       |     4 ||     4
Invok: Berserk           |     3 |     3 ||     6
       Trog's Hand       |       |     1 ||     1
  Use: Potion            |       |     3 ||     3
       Scroll            |       |     1 ||     1
 Stab: Sleeping          |     3 |       ||     3
       Distracted        |       |     1 ||     1
Armor: Animal skin       |    32 |     4 ||    36
Dodge: Dodged            |   111 |    33 ||   144

Table legend: (Time is in decaauts)
 A = Elapsed time spent in this place.
 B = Non-inter-level travel time spent in this place.
 C = Inter-level travel time spent in this place.
 D = Time resting spent in this place.
 E = Time spent auto-exploring this place.
 F = Levels seen in this place.
 G = Mean time per level.
                   A        B        C        D        E       F      G
               +--------+--------+--------+--------+--------+-----+--------+
         Total |   3773 |   3735 |     38 |   1942 |   1316 |   3 | 1257.7 |
       Dungeon |   3366 |   3328 |     38 |   1608 |   1316 |   2 | 1683.0 |
         Abyss |    407 |    407 |      0 |    334 |      0 |   1 |  407.0 |
               +--------+--------+--------+--------+--------+-----+--------+

Top non-repeatable levels by time:
     D:1: 1972 daAuts
     D:2: 1393 daAuts
 Abyss:1: 407 daAuts
